 Dungeon Crawl Stone Soup version 0.29.1-1-gd02db6906a (webtiles) character file.

Game seed: 9171414030617175724

843 Labrat the Conjurer (level 7, -5/50 HPs)
             Began as a Demigod Conjurer on Sept 17, 2022.
             Slain by an iguana (7 damage)
             ... on level 5 of the Dungeon.
             The game lasted 00:11:32 (5433 turns).

Labrat the Conjurer (Demigod Conjurer)              Turns: 5433, Time: 00:11:33

Health: -5/50      AC:  4    Str:  8    XL:     7   Next: 40%
Magic:  10/18      EV: 12    Int: 28    God:
Gold:   219        SH:  0    Dex: 12    Spells: 13/16 levels left

rFire   . . .      SeeInvis .   l - +4 club (spect)
rCold   . . .      Faith    .   (no shield)
rNeg    . . .      Spirit   .   a - +0 robe
rPois   .          Reflect  .   f - +1 hat
rElec   .          Harm     .   (no cloak)
rCorr   .          Rampage  .   (no gloves)
Will    .....                   v - +0 pair of boots
Stlth   ++........              (no amulet)
HPRegen 0.16/turn               (no ring)
MPRegen 0.16/turn               (no ring)

@: no status effects
A: high MP 1, forlorn, divine attributes
a: no special abilities


You were on level 5 of the Dungeon.
You visited 1 branch of the dungeon, and saw 5 of its levels.

You collected 261 gold pieces.
You spent 42 gold pieces at shops.

Inventory:

Hand Weapons
 l - a +4 spectral club (weapon)
Missiles
 e - a throwing net
 k - 8 poisoned darts
Armour
 a - a +0 robe (worn)
 f - a +1 hat (worn)
 v - a +0 pair of boots (worn)
Scrolls
 d - a scroll of enchant weapon {unknown}
 g - a scroll of brand weapon {unknown}
 i - 2 scrolls of amnesia {unknown}
 m - 2 scrolls of magic mapping {unknown}
 p - a scroll of butterflies {unknown}
 r - 3 scrolls of identify {unknown}
 s - 2 scrolls of noise {unknown}
 u - 3 scrolls of teleportation
Potions
 b - a potion of magic
 c - 3 potions of attraction {unknown}
 h - 2 potions of brilliance {unknown}
 j - 3 potions of curing
 n - a potion of haste {unknown}
 o - a potion of flight {unknown}
 q - a potion of heal wounds {unknown}
 t - 2 potions of resistance {unknown}


   Skills:
 - Level 1.7 Dodging
 - Level 1.7 Stealth
 + Level 5.4 Spellcasting
 + Level 6.7 Conjurations


You had 13 spell levels left.
You knew the following spells:

 Your Spells              Type           Power      Damage    Failure   Level
a - Magic Dart            Conj           100%       1d8       1%          1
b - Searing Ray           Conj           90%        2d7       1%          2

Your spell library contained the following spells:

 Spells                   Type           Power      Damage    Failure   Level
 Dazzling Flash           Conj/Hex       52%        N/A       4%          3
 Fulminant Prism          Conj/Hex       13%        3d9       16%         4
 Iskenderun's Mystic Bla  Conj/Tloc      26%        2d7       16%         4
 Summon Ice Beast         Ice/Summ       7%         N/A       54%         4
 Agony                    Necr           7%         N/A       87%         5
 Silence                  Hex/Air        3%         N/A       87%         5
 Summon Mana Viper        Hex/Summ       7%         N/A       87%         5
 Monstrous Menagerie      Summ           3%         N/A       100%        7


Dungeon Overview and Level Annotations

Branches:
Dungeon (5/15)
 Temple: D:4-7

Shops:
D:4 *

Annotations:
D:5 Eustachio


Innate Abilities, Weirdness & Mutations

You have an increased reservoir of magic. (+10% MP)
You shall have no god before yourself.
Your divine heritage dramatically boosts your attributes as you level up.


Message History

Prince Ribbit blinks!
You see here an adder skeleton.
Casting: Searing Ray (safe; 1% risk of failure)
Confirm with . or Enter, or press ? or * to list all spells.
Aiming: Searing Ray (safe; 1% risk of failure)
Press: ? - help, Shift-Dir - straight line, f/p - Prince Ribbit
Aim: Prince Ribbit (severely wounded, 68% to hit)
The searing ray misses Prince Ribbit. (Press . to maintain the ray.) Prince Ribbit blinks!
Unknown command.
The iguana attacks as you move away! The iguana bites you!
Prince Ribbit blinks!
Casting: Searing Ray (safe; 1% risk of failure)
Confirm with . or Enter, or press ? or * to list all spells.
Aiming: Searing Ray (safe; 1% risk of failure)
Press: ? - help, Shift-Dir - straight line, f/p - Prince Ribbit
Aim: Prince Ribbit (severely wounded, 68% to hit)
The searing ray hits Prince Ribbit.
Prince Ribbit is severely wounded. (Press . to maintain the ray.)
The iguana bites you.
* * * LOW HITPOINT WARNING * * *
You hit Prince Ribbit. Your punch misses Prince Ribbit.
Prince Ribbit is almost dead.
Your +4 spectral club hits Prince Ribbit!
You kill Prince Ribbit!
Prince Ribbit returns to his original shape as he dies.
The iguana bites you.
* * * LOW HITPOINT WARNING * * *
Your Spellcasting skill increases to level 5!
Unknown command.
You barely miss the iguana.
Your +4 spectral club hits the iguana.
The iguana bites you!
* * * LOW HITPOINT WARNING * * *
You hit the iguana.
The iguana is moderately wounded.
Your +4 spectral club hits the iguana.
The iguana barely misses you. The iguana bites you!
You die...

#.## #.#.#...##
#..###.#####.<#
#...#..##.....# .
#............##
#...........##
##.........##
##§§.......#
#..§.####### #(@..#
###############l#..#
#............##.####
#....>............##
...................#
.##..§...........###
......#......##...#
.....##.........###
.#######.........#


You could see an iguana and a friendly +4 spectral club (summoned).

Vanquished Creatures
  Prince Ribbit (D:5)
  An ice beast (D:5)
  2 scorpions (D:5)
  2 orc priests
  2 hounds
  Jessica (D:2)
  3 iguanas (D:4)
  An orc wizard (D:4)
  4 gnolls (D:3)
  2 adders
  An ufetubus (D:5)
  An adder skeleton (D:2)
  A worm (D:2)
  15 orcs
  9 ball pythons
  5 bats
  A bat skeleton (D:2)
  5 endoplasms
  3 giant cockroaches
  4 goblins
  15 hobgoblins
  6 jackals (D:1)
  10 kobolds
  4 quokkas
  2 ball python zombies (D:2)
  4 frilled lizards (D:1)
  A giant cockroach zombie (D:2)
  A quokka zombie (D:2)
  4 rats (D:1)
111 creatures vanquished.

Vanquished Creatures (others)
  7 plants (D:3)
  A withered plant (D:2)
8 creatures vanquished.

Grand Total: 119 creatures vanquished

Notes
Turn   | Place    | Note
-------+----------+-------------------------------------------
     0 | D:1      | Labrat the Demigod Conjurer began the quest for the Orb.
     0 | D:1      | Reached XP level 1. HP: 14/14 MP: 5/5
   272 | D:1      | Reached XP level 2. HP: 20/20 MP: 1/7
   541 | D:1      | Reached skill level 4 in Conjurations
   719 | D:1      | Learned a level 2 spell: Searing Ray
  1068 | D:1      | Reached XP level 3. HP: 26/26 MP: 1/9
  1734 | D:2      | Noticed Jessica
  1738 | D:2      | Killed Jessica
  1890 | D:2      | Reached XP level 4. HP: 33/33 MP: 8/11
  3407 | D:3      | Reached XP level 5. HP: 32/38 MP: 8/13
  3501 | D:3      | Reached skill level 5 in Conjurations
  3919 | D:4      | Found Ifotsakh's General Store.
  3950 | D:4      | Bought a scroll of teleportation for 42 gold pieces
  4393 | D:4      | Reached XP level 6. HP: 45/45 MP: 13/15
  5090 | D:5      | Entered Level 5 of the Dungeon
  5100 | D:5      | Noticed Eustachio
  5224 | D:5      | Reached skill level 6 in Conjurations
  5267 | D:5      | Noticed Prince Ribbit
  5301 | D:5      | Reached XP level 7. HP: 50/50 MP: 9/17
  5431 | D:5      | Killed Prince Ribbit
  5432 | D:5      | Reached skill level 5 in Spellcasting
  5432 | D:5      | HP: 2/50 [iguana (7)]
  5433 | D:5      | Slain by an iguana

Illustrated notes

Levels and vault maps discovered:
D:1:      giann_horns, layout_rooms, ebering_ecumenical_altar_rust
D:2:      layout_loops_cross, serial_undead, serial_undead_d, serial_undead_c,
          serial_undead_a, serial_undead_f, serial_undead_f, uniq_jessica
D:3:      wad_lake_hut, layout_rooms, gammafunk_temple_overflow_pools
D:4:      wad_river_or_something, layout_basic, serial_shops, shop,
          chequers_mini_garden
D:5:      layout_cave_pools, cheibrodos_gnoll_hut, uniq_prince_ribbit1,
          uniq_edmund, uniq_eustachio, uniq_crazy_yiuf_cottage

Skill      XL: |  1  2  3  4  5  6  7 |
---------------+----------------------+-----
Spellcasting   | 2 3 4 5 |  5.4
Conjurations   | 4 5 6 |  6.7
Dodging        | |  1.7
Stealth        | |  1.7

Action                   |  1- 3 |  4- 6 |  7- 9 || total
-------------------------+-------+-------+-------++-------
Melee: Unarmed           |    29 |       |       ||    29
       Punch             |     1 |       |       ||     1
       Club              |       |       |     4 ||     4
 Cast: Magic Dart        |    76 |   109 |     5 ||   190
       Searing Ray       |     5 |    21 |     3 ||    29
Armor: Robe              |    12 |     3 |       ||    15
Dodge: Dodged            |    38 |    13 |     2 ||    53
